 Dungeon Crawl Stone Soup version 0.30-a0-4-ga7cffc901d (webtiles) character file.

Game seed: 10141751209843774723

11160 ytrimaz the Martial Artist (level 11, -11/90 HPs)
             Began as a Demonspawn Transmuter on Aug 22, 2022.
             Was a Priest of Makhleb.
             Mangled by a cyan ugly thing (15 damage)
             ... on level 11 of the Dungeon.
             The game lasted 00:16:15 (16913 turns).

ytrimaz the Martial Artist (Demonspawn Transmuter) Turns: 16913, Time: 00:16:16

Health: -11/90     AC: 11    Str: 11    XL:     11   Next: 45%
Magic:  16/16      EV: 15    Int: 18    God:    Makhleb [***...]
Gold:   650        SH:  4    Dex: 14    Spells: 4/14 levels left

rFire   . . .      SeeInvis .      - Unarmed
rCold   + . .      Faith    .    (no shield)
rNeg    + . .      Spirit   .    o - +1 robe {rN+}
rPois   .          Reflect  .    (helmet currently unavailable)
rElec   .          Harm     .    (no cloak)
rCorr   .          Rampage  .    (no gloves)
Will    .....                    (boots currently unavailable)
Stlth   +.........               (no amulet)
HPRegen 0.25/turn                h - +4 ring of protection
MPRegen 0.15/turn                B - ring of protection from cold

@: appendages
A: horns 2, talons 2, claws 1, icemail 1, spiny 2, condensation shield, weakness
stinger 2
a: End Transformation, Renounce Religion, Minor Destruction, Lesser Servant of
Makhleb


You were on level 11 of the Dungeon.
You worshipped Makhleb.
Makhleb was most pleased with you.
You had temporarily grown beastly horns and talons.
You visited 2 branches of the dungeon, and saw 12 of its levels.

You collected 650 gold pieces.

Inventory:

Missiles
 m - a throwing net
Armour
 a - a +1 robe
 o - a +1 robe of positive energy (worn)
Jewellery
 h - a +4 ring of protection (left claw)
 i - a ring of fire
 s - a ring of ice
 B - a ring of protection from cold (right claw)
Wands
 n - a wand of acid (13)
 v - a wand of charming (9)
 y - a wand of polymorph (3)
 z - a wand of digging (3)
Scrolls
 c - 3 scrolls of teleportation
 f - 3 scrolls of immolation
 j - a scroll of magic mapping
 r - a scroll of fear
 t - 7 scrolls of vulnerability
 w - a scroll of amnesia
 A - 2 scrolls of enchant weapon
Potions
 d - 3 potions of curing
 e - 6 potions of degeneration
 g - 3 potions of attraction
 k - 2 potions of heal wounds {unknown}
 l - 2 potions of flight
 p - a potion of cancellation
 q - a potion of haste
 u - a potion of magic
 x - a potion of mutation {unknown}


   Skills:
 - Level 10.0 Fighting
 - Level 0.1 Short Blades
 - Level 0.1 Long Blades
 - Level 0.3 Axes
 - Level 0.1(0.2) Maces & Flails
 - Level 0.1(0.2) Polearms
 - Level 0.1 Staves
 - Level 0.3 Ranged Weapons
 - Level 0.1 Throwing
 + Level 7.9 Dodging
 - Level 0.5 Shields
 - Level 10.0 Unarmed Combat
 - Level 2.0 Spellcasting
 - Level 0.1 Conjurations
 - Level 0.1 Hexes
 - Level 0.1 Summonings
 - Level 0.1 Necromancy
 - Level 0.1 Translocations
 + Level 5.0 Transmutations
 - Level 0.1 Fire Magic
 - Level 0.1 Air Magic
 - Level 0.1 Earth Magic
 - Level 7.0 Invocations


You had 4 spell levels left.
You knew the following spells:

 Your Spells              Type           Power      Damage    Failure   Level
a - Beastly Appendage     Tmut           38%        N/A       2%          1
b - Wereblood             Tmut           19%        N/A       3%          2
c - Spider Form           Tmut/Pois      10%        N/A       19%         3
d - Ice Form              Ice/Tmut       10%        N/A       54%         4

Your spell library contained the following spells:

 Spells                   Type           Power      Damage    Failure   Level
 Necrotise                Necr           8%         1d4       17%         1
 Shock                    Conj/Air       8%         1d3       17%         1
 Freeze                   Ice            4%         1d3       19%         1
 Static Discharge         Conj/Air       2%         3-4/arc   26%         2
 Sublimation of Blood     Necr           2%         N/A       26%         2
 Gell's Gravitas          Tloc           2%         N/A       45%         3
 Lesser Beckoning         Tloc           2%         N/A       45%         3
 Swiftness                Air            2%         N/A       45%         3
 Teleport Other           Tloc           2%         N/A       45%         3
 Vampiric Draining        Necr           2%         2d6       45%         3
 Frozen Ramparts          Ice            2%         1d1       47%         3
 Petrify                  Tmut/Erth      11%        N/A       54%         4
 Airstrike                Air            1%         2d(1-17)  86%         4
 Anguish                  Hex/Necr       1%         N/A       86%         4
 Dispel Undead            Necr           2%         3d7       86%         4
 Passage of Golubria      Tloc           2%         N/A       86%         4
 Sticky Flame             Conj/Fire      2%         2d3       86%         4
 Hailstorm                Conj/Ice       2%         3d3       87%         4
 Irradiate                Conj/Tmut      5%         3d13      86%         5
 Agony                    Necr           2%         N/A       99%         5
 Silence                  Hex/Air        1%         N/A       99%         5
 Enfeeble                 Hex            1%         N/A       100%        7
 Lehudib's Crystal Spear  Conj/Erth      1%         10d2      100%        8


Dungeon Overview and Level Annotations

Branches:
Dungeon (11/15)            Temple (1/1) D:4            Lair (0/5) D:8
    Orc (0/2) D:9

Altars:
Ashenzari
Cheibriados
Dithmenos
Fedhas
Gozag
Hepliaklqana
Kikubaaqudgha
Makhleb
Nemelex Xobeh
Okawaru
Qazlal
Ru
Sif Muna
Trog
Uskayaw
Vehumet
Wu Jian
Xom
Yredelemnul

Shops:
D:3 [   D:10 *

Annotations:
D:3 1 runed translucent door, Crazy Yiuf
D:5 3 runed translucent doors, Setbun's ghost, novice KoBr; drugrobin's ghost, weakling DgDe


Innate Abilities, Weirdness & Mutations

You have temporarily grown beastly horns and talons.
You have sharp fingernails.
A meltable icy envelope protects you from harm. (AC +4)
You are mostly covered in sharp spines.
A meltable shield of frost defends you. (SH +4)
You have a tail ending in a sharp stinger.


Message History

There is a stone staircase leading up here.
Found a robe and a helmet.
Found a potion of cancellation.
You grow a pair of large bovine horns.
Your feet morph into talons.
The cyan ugly thing completely misses you.
You claw the cyan ugly thing! You headbutt the cyan ugly thing.
You tail-slap the cyan ugly thing.
The cyan ugly thing is moderately wounded.
The cyan ugly thing is struck by your spines.
The cyan ugly thing stings you but does no damage.
You closely miss the cyan ugly thing. You claw the cyan ugly thing.
Your headbutt misses the cyan ugly thing.
The cyan ugly thing is moderately wounded.
The cyan ugly thing stings you! The cyan ugly thing shocks you!
Unknown command.
You claw the cyan ugly thing! Your kick misses the cyan ugly thing.
You headbutt the cyan ugly thing.
The cyan ugly thing is severely wounded.
You block the cyan ugly thing's attack.
You claw the cyan ugly thing! Your kick misses the cyan ugly thing.
You headbutt the cyan ugly thing, but do no damage.
The cyan ugly thing is severely wounded.
The cyan ugly thing stings you! The cyan ugly thing shocks you!
You scratch the cyan ugly thing but do no damage.
Your kick misses the cyan ugly thing. You tail-slap the cyan ugly thing.
The cyan ugly thing is almost dead.
Unknown command.
You scratch the cyan ugly thing but do no damage.
You claw the cyan ugly thing.
Your headbutt misses the cyan ugly thing.
You tail-slap the cyan ugly thing!
The cyan ugly thing is almost dead.
The cyan ugly thing stings you. The cyan ugly thing shocks you!
* * * LOW HITPOINT WARNING * * *
You scratch the cyan ugly thing.
The cyan ugly thing is almost dead.
The cyan ugly thing stings you!
* * * LOW HITPOINT WARNING * * *
The cyan ugly thing shocks you!
You die...

#####################
#..........u@........
#......###...........
#......# ##+##.......
#.....u# .......
#......# .[...[.
#...<..# .......
#....[.# .......
#......# .!.....
#......#


You could see a cyan ugly thing.

Vanquished Creatures
  An ogre mage (D:10)
  3 two-headed ogres (D:10)
  A komodo dragon (D:11)
  A troll (D:10)
  2 hornets
  A shadow (D:9)
  2 wyverns
  Sigmund (D:4)
  A vampire (D:10)
  8 yaks
  A wraith (D:6)
  3 steam dragons
  2 vampire mosquitoes (D:10)
  An acid dragon (D:10)
  A water moccasin (D:5)
  6 orc warriors
  2 ice beasts
  A swamp drake (D:9)
  3 sky beasts
  4 ogres
  3 centaurs
  A phantom (D:6)
  2 kobold brigands
  3 bullfrogs
  2 gnoll sergeants (D:10)
  A necrophage (D:6)
  5 scorpions
  17 killer bees
  9 wights
  A jelly (D:5)
  3 hounds
  9 orc priests
  2 gnoll boudas
  Terence (D:2)
  6 iguanas
  Ijyb (D:5)
  9 orc wizards
  Robin (D:4)
  20 gnolls
  3 adders
  2 white imps
  A worm (D:2)
  2 dart slugs
  52 orcs
  4 endoplasms (D:1)
  4 giant cockroaches
  7 hobgoblins
  3 jackals (D:4)
  4 quokkas
  8 ball pythons
  8 bats
  A frilled lizard (D:3)
  9 goblins
  18 kobolds
  10 rats
277 creatures vanquished.

Notes
Turn   | Place    | Note
-------+----------+-------------------------------------------
     0 | D:1      | ytrimaz the Demonspawn Transmuter began the quest for the
                  | Orb.
     0 | D:1      | Reached XP level 1. HP: 15/15 MP: 3/3
   541 | D:1      | Discovered your monstrous ancestry.
   541 | D:1      | Gained mutation: You have a small tail. [demonic ancestry]
   541 | D:1      | Reached XP level 2. HP: 19/21 MP: 3/5
  1248 | D:1      | Found a faded altar of an unknown god.
  1690 | D:2      | Noticed Terence
  1707 | D:2      | Killed Terence
  1708 | D:2      | Gained mutation: A meltable shield of frost defends you.
                  | (SH +4) [demonic ancestry]
  1708 | D:2      | Reached XP level 3. HP: 20/27 MP: 4/6
  2296 | D:2      | Reached XP level 4. HP: 29/33 MP: 4/7
  3009 | D:3      | Found Vetwoz's Armour Shop.
  3054 | D:3      | Found a runed translucent door.
  3055 | D:3      | Noticed Crazy Yiuf
  3830 | D:4      | Noticed a scorpion
  3839 | D:4      | Killed a scorpion
  3840 | D:4      | Gained mutation: You are partially covered in sharp spines.
                  | [demonic ancestry]
  3840 | D:4      | Reached XP level 5. HP: 38/39 MP: 6/8
  3869 | D:4      | Noticed Robin
  3876 | D:4      | Killed Robin
  4035 | D:4      | Reached skill level 5 in Unarmed Combat
  4144 | D:4      | Noticed Sigmund
  4157 | D:4      | Killed Sigmund
  4158 | D:4      | Gained mutation: You have a tail ending in a sharp stinger.
                  | [demonic ancestry]
  4158 | D:4      | Reached XP level 6. HP: 29/47 MP: 9/9
  4162 | D:4      | Learned a level 2 spell: Wereblood
  4166 | D:4      | Learned a level 3 spell: Spider Form
  4327 | D:4      | Found an iron altar of Okawaru.
  4491 | D:4      | Found a staircase to the Ecumenical Temple.
  4510 | Temple   | Entered the Ecumenical Temple
  4510 | Temple   | Found a transporter.
  4510 | Temple   | Found a transporter.
  4513 | Temple   | Found a transporter.
  4513 | Temple   | Found a transporter.
  4530 | Temple   | Became a worshipper of Makhleb the Destroyer
  4627 | D:4      | Found an opulent altar of Gozag.
  5039 | D:5      | Entered Level 5 of the Dungeon
  5045 | D:5      | Found a blossoming altar of Fedhas.
  5183 | D:5      | Noticed a water moccasin
  5190 | D:5      | Killed a water moccasin
  5191 | D:5      | Gained mutation: A meltable icy envelope protects you from
                  | harm. (AC +4) [demonic ancestry]
  5191 | D:5      | Reached XP level 7. HP: 39/54 MP: 8/10
  5402 | D:5      | Found an ornate altar of the Wu Jian Council.
  5433 | D:5      | Noticed Ijyb
  5465 | D:5      | Killed Ijyb
  5635 | D:5      | Found a runed translucent gate.
  5635 | D:5      | Found a runed translucent gate.
  5635 | D:5      | Found a runed translucent gate.
  5640 | D:5      | Noticed drugrobin's ghost (weakling DgDe)
  5640 | D:5      | Noticed Setbun's ghost (novice KoBr)
  6349 | D:6      | Reached skill level 5 in Fighting
  6349 | D:6      | Gained mutation: You have sharp fingernails. [demonic
                  | ancestry]
  6349 | D:6      | Reached XP level 8. HP: 57/62 MP: 9/11
  6903 | D:6      | Found a radiant altar of Vehumet.
  7388 | D:7      | Reached XP level 9. HP: 31/69 MP: 12/12
  7671 | D:7      | Reached * piety under Makhleb
  7671 | D:7      | HP: 1/70 [gnoll bouda/+0 club (7)]
  8038 | D:7      | Reached skill level 10 in Unarmed Combat
  8049 | D:7      | Learned a level 4 spell: Ice Form
  8324 | D:7      | Found a sparkling altar of Nemelex Xobeh.
  8332 | D:7      | Found a stormy altar of Qazlal.
  8336 | D:7      | Found a faded altar of an unknown god.
  9076 | D:8      | Found a sacrificial altar of Ru.
  9232 | D:8      | Found a staircase to the Lair.
 10141 | D:8      | Reached skill level 10 in Fighting
 10555 | D:8      | Reached XP level 10. HP: 48/85 MP: 13/13
 10893 | D:9      | Reached skill level 1 in Invocations
 11073 | D:9      | Reached ** piety under Makhleb
 11093 | D:9      | Found a staircase to the Orcish Mines.
 11336 | D:9      | Reached skill level 5 in Invocations
 12749 | D:10     | Entered Level 10 of the Dungeon
 12865 | D:10     | HP: 6/127 [something (2)]
 13228 | D:10     | Found Tujiegae's Fire Supplies.
 13256 | D:10     | Reached *** piety under Makhleb
 13277 | D:10     | Noticed a two-headed ogre
 13277 | D:10     | Noticed an ogre mage
 13278 | D:10     | Noticed a two-headed ogre
 13322 | D:10     | Killed a two-headed ogre
 13323 | D:10     | Reached skill level 5 in Dodging
 13657 | D:10     | Killed a two-headed ogre
 13914 | D:10     | Paralysed by an ogre mage for 3 turns
 14061 | D:10     | Paralysed by an ogre mage for 5 turns
 14067 | D:10     | Killed an ogre mage
 14068 | D:10     | Gained mutation: You are mostly covered in sharp spines.
                  | [demonic ancestry]
 14068 | D:10     | Reached XP level 11. HP: 83/90 MP: 16/16
 14650 | D:10     | Noticed a two-headed ogre
 14663 | D:10     | Killed a two-headed ogre
 15161 | D:10     | Identified the +7 plate armour of the Accordion {rN+}
 15188 | D:10     | Identified the +9 long sword of Autumn {vorpal, rC++}
 15666 | D:10     | Found a broken altar of Ashenzari.
 16173 | D:11     | Reached skill level 5 in Transmutations
 16886 | D:11     | Noticed a cyan ugly thing
 16913 | D:11     | HP: 4/90 [cyan ugly thing (13)]
 16913 | D:11     | Mangled by a cyan ugly thing

Illustrated notes

Levels and vault maps discovered:
D:1:      dpeg_arrival_rooms_b, layout_loops_ring,
          shapermc_ecumenical_altar_notcrosses
D:2:      wad_pebble_path, layout_basic, kennysheep_generic_room_11,
          uniq_terence
D:3:      layout_basic, serial_shops, nicolae_lakefront_shop,
          chequers_hall_statues_wall_a, uniq_crazy_yiuf_cottage
D:4:      layout_gridville, okawaru_ov_weapons_minmay, grunt_gozag_statues,
          minmay_temple_entry_offerings, gup_sewer_entry_glass, uniq_sigmund,
          uniq_robin
D:5:      layout_basic, nicolae_wu_jian_glorious_leap,
          mainiacjoe_overflow_cross_hatched, gammafunk_ghost_cemetery, uniq_ijyb
D:6:      layout_gridville, nicolae_vehumet_radiance
D:7:      layout_cave_pools, chequers_temple_overflow_minitemple,
          kennysheep_path_1
D:8:      layout_layer_cave, mainiacjoe_overflow_surrounded_room,
          lair_entry_dummy, grunt_ministairs_13
D:9:      layout_loops_ring, erik_orc_1, special_room [special_room_orc]
D:10:     kennysheep_spiral_hall, layout_layer_cave,
          nicolae_overflow_hidden_temple, nicolae_shop_fire_sale
          [nicolae_sub_dead_trees], dk_noncrumbling_2, minmay_door_square,
          kennysheep_generic_room_12
D:11:     layout_irregular_city
Temple:   hellmonk_temple_divided_pantheon

Skill      XL: |  1  2  3  4  5  6  7  8  9 10 11 |
---------------+----------------------------------+-----
Unarmed Combat | 3 4 5 6 7 9 10 | 10.0
Fighting       | 2 3 4 5 6 10 | 10.0
Invocations    | 7 |  7.0
Dodging        | 6 7 |  7.9
Transmutations | 3 5 |  5.0
Short Blades   | |  0.1
Long Blades    | |  0.1
Axes           | |  0.3
Maces & Flails | |  0.1
Polearms       | |  0.1
Staves         | |  0.1
Ranged Weapons | |  0.3
Throwing       | |  0.1
Shields        | |  0.5
Spellcasting   | |  2.0
Conjurations   | |  0.1
Hexes          | |  0.1
Summonings     | |  0.1
Necromancy     | |  0.1
Translocations | |  0.1
Fire Magic     | |  0.1
Air Magic      | |  0.1
Earth Magic    | |  0.1

Action                   |  1- 3 |  4- 6 |  7- 9 | 10-12 || total
-------------------------+-------+-------+-------+-------++-------
Melee: Unarmed           |    83 |    98 |   230 |   285 ||   696
       Headbutt          |    11 |    15 |    41 |    56 ||   123
       Kick              |    17 |    18 |    61 |    71 ||   167
       Tailslap          |     7 |     9 |    30 |    39 ||    85
       Punch             |       |     3 |    11 |    15 ||    29
 Cast: Beastly Appendage |    28 |    32 |    42 |    41 ||   143
       Wereblood         |       |       |       |     8 ||     8
  Use: Scroll            |     3 |     4 |     4 |     9 ||    20
       Potion            |     1 |       |     4 |     4 ||     9
 Stab: Sleeping          |       |     1 |     1 |       ||     2
Armor: Robe              |    20 |    20 |    75 |    62 ||   177
       Skin              |       |       |     2 |     2 ||     4
       Plate armour      |       |       |       |    31 ||    31
Dodge: Dodged            |    78 |    53 |   127 |   141 ||   399
Block: Other             |     7 |    10 |    41 |    31 ||    89

Table legend: (Time is in decaauts)
 A = Elapsed time spent in this place.
 B = Non-inter-level travel time spent in this place.
 C = Inter-level travel time spent in this place.
 D = Time resting spent in this place.
 E = Time spent auto-exploring this place.
 F = Levels seen in this place.
 G = Mean time per level.
                   A        B        C        D        E       F      G
               +--------+--------+--------+--------+--------+-----+--------+
         Total |  16824 |  15951 |    873 |   3413 |  10488 |  12 | 1402.0 |
       Dungeon |  16780 |  15926 |    854 |   3413 |  10481 |  11 | 1525.5 |
        Temple |     43 |     24 |     19 |      0 |      7 |   1 |   43.0 |
               +--------+--------+--------+--------+--------+-----+--------+

Top non-repeatable levels by time:
    D:10: 2542 daAuts
     D:9: 2515 daAuts
     D:8: 2309 daAuts
     D:1: 1664 daAuts
     D:4: 1468 daAuts
     D:7: 1454 daAuts
     D:5: 1325 daAuts
     D:2: 1063 daAuts
     D:6: 1039 daAuts
     D:3: 872 daAuts
    D:11: 527 daAuts
  Temple: 43 daAuts
